 Dungeon Crawl Stone Soup version 0.31-a0-795-g5eb97db20b (webtiles) character file.

Game seed: 6331341354275141212

55 Joey1 the Trooper (level 3, -3/23 HPs)
             Began as a Gargoyle Fighter on Sept 18, 2023.
             Slain by Sigmund
             ... wielding a +0 scythe
              (5 damage)
             ... on level 2 of the Dungeon.
             The game lasted 00:03:50 (972 turns).

Joey1 the Trooper (Gargoyle Fighter)                 Turns: 972, Time: 00:03:50

Health: -3/23      AC: 11    Str: 21    XL:     3   Next: 93%
Magic:  3/3        EV:  9    Int:  8    God:
Gold:   45         SH:  0    Dex:  9    Spells: 2/2 levels left

rFire   . . .        a - +0 war axe
rCold   . . .        c - +0 buckler
rNeg    + . .        b - +0 scale mail
rPois   ∞            (no helmet)
rElec   +            l - +0 cloak
rCorr   .            (no gloves)
SInv    .            (no boots)
Will    .....        (no amulet) Stlth
                     (no ring)
HPRegen 0.23/turn    (no ring)
MPRegen 0.08/turn

%: no passive effects
@: confused, mighty
A: sickness immunity, AC +3, negative energy resistance 1, electricity
resistance, torment resistance 1, petrification resistance
a: no special abilities


You were on level 2 of the Dungeon.
You visited 1 branch of the dungeon, and saw 2 of its levels.

You collected 45 gold pieces.

Inventory:

Hand Weapons
 a - a +0 war axe (weapon)
Armour
 b - a +0 scale mail (worn)
 c - a +0 buckler (worn)
 l - a +0 cloak (worn)
Scrolls
 f - a scroll of brand weapon {unknown}
 g - a scroll of fear {unknown}
 h - 2 scrolls of silence {unknown}
 i - a scroll of enchant weapon {unknown}
 j - 4 scrolls of identify {unknown}
 k - a scroll of fog {unknown}
 m - a scroll of vulnerability {unknown}
Potions
 e - a potion of degeneration {unknown}
 n - a potion of curing {unknown}


   Skills:
 + Level 3.5 Fighting
 * Level 3.4 Axes
 - Level 3.2 Armour
 + Level 3.4 Shields


You had 2 spell levels left.
You didn't know any spells.
Your spell library contained the following spells:

 Spells                   Type           Power      Damage    Failure   Level
 Frozen Ramparts          Ice            0%         1d1       99%         3
 Petrify                  Tmut/Erth      0%         N/A       100%        4
 Metabolic Englaciation   Hex/Ice        0%         N/A       100%        5


Dungeon Overview and Level Annotations

Branches:
Dungeon (2/15)

Altars:

Annotations:
D:2 Sigmund


Innate Abilities, Weirdness & Mutations

You are immune to sickness and miasma.
Your stone body is resilient. (AC +3)
You are immune to poison.
You resist negative energy. (rN+)
You are resistant to electric shocks. (rElec)
You are resistant to unholy torment.
You are immune to petrification.


Message History

j - 4 scrolls labelled NISHRO NONO (gained 1)
You now have 45 gold pieces (gained 12).
A goblin comes into view. It is wielding a +0 dagger.
The goblin shouts!
You hear a shout!
A rat comes into view.
Sigmund the Dreaded comes into view.
He is wielding a +0 scythe.
Sigmund casts a spell at you.
The magic dart hits you but does no damage.
You see here a beast talisman.
You slash the goblin!
You kill the goblin!
You closely miss Sigmund.
Sigmund screams, "Die, monster!"
Sigmund gestures at you while chanting. The magic dart hits you!
Sigmund hits you with a +0 scythe.
You slash Sigmund!
Sigmund is moderately wounded.
You hit Sigmund but do no damage.
Sigmund is moderately wounded.
Sigmund hits you with a +0 scythe.
* * * LOW HITPOINT WARNING * * *
You closely miss Sigmund.
Sigmund is moderately wounded.
Sigmund gestures at you while chanting.
You are confused.
Sigmund hits you but does no damage. Sigmund hits you but does no damage.
You see here a beast talisman.
You miss Sigmund.
Sigmund is moderately wounded.
Sigmund points at you and mumbles some strange words.
The puff of flame hits you.
* * * LOW HITPOINT WARNING * * *
Sigmund hits you with a +0 scythe.
* * * LOW HITPOINT WARNING * * *
You feel very mighty all of a sudden. The rat bites you but does no damage.
Sigmund hits you from afar with a +0 scythe.
You die...
Sigmund begins carving another notch in his scythe.

##... #....#.##.##
.....##....#g##..#
........>..#.###.#
#...##.†...r###.##
.#.....).....@....#
.............##g..###
.............####@r.####.
.....####.......%........
....# #.......#@#.#.###.
....# #....##.#.....#
....####..........#.##
#...........##.####.#
.#..........##.# .#
.#.....#....## ..
.#.....#....# .
..##..##....#
..#..########


You could see Sigmund and a rat.

Vanquished Creatures
  An adder (D:2)
  2 dart slugs (D:1)
  5 bats
  2 endoplasms (D:1)
  6 goblins
  8 hobgoblins
  3 jackals (D:2)
  2 ball pythons (D:1)
  3 frilled lizards
  5 kobolds
  A rat (D:1)
38 creatures vanquished.

Notes
Turn   | Place    | Note
-------+----------+-------------------------------------------
     0 | D:1      | Joey1 the Gargoyle Fighter began the quest for the Orb.
     0 | D:1      | Reached XP level 1. HP: 14/14 MP: 1/1
   101 | D:1      | Reached XP level 2. HP: 19/19 MP: 2/2
   444 | D:1      | Reached XP level 3. HP: 23/23 MP: 3/3
   788 | D:2      | Found a faded altar of an unknown god.
   944 | D:2      | Noticed Sigmund
   972 | D:2      | Slain by Sigmund

Illustrated notes

Levels and vault maps discovered:
D:1:      dpeg_arrival_shrine, layout_loops_ring
D:2:      layout_rooms, shapermc_ecumenical_altar_gd, uniq_sigmund

Skill      XL: |  1  2 |
---------------+-------+-----
Axes           | 2 3 |  3.4
Fighting       | |  3.5
Armour         | |  3.2
Shields        | |  3.4

Action                     || total
---------------------------++-------
  Melee: War axe           ||   108
    Use: Potion            ||     1
 Armour: Scale mail        ||    90
  Dodge: Dodged            ||    44
  Block: Buckler           ||    24

Table legend: (Time is in decaauts)
 A = Elapsed time spent in this place.
 B = Non-inter-level travel time spent in this place.
 C = Inter-level travel time spent in this place.
 D = Time resting spent in this place.
 E = Time spent auto-exploring this place.
 F = Levels seen in this place.
 G = Mean time per level.
                   A        B        C        D        E       F      G
               +--------+--------+--------+--------+--------+-----+--------+
         Total |   1014 |    996 |     18 |      0 |    709 |   2 |  507.0 |
       Dungeon |   1014 |    996 |     18 |      0 |    709 |   2 |  507.0 |
               +--------+--------+--------+--------+--------+-----+--------+

Top non-repeatable levels by time:
     D:1: 772 daAuts
     D:2: 241 daAuts
